AoeStats
← mr_nvm

Nomad

510104380Analyzed
2v2 RM · 3d ago on Sep 29, 2026· 26m 15s· 4 players
Game mode
Random Map
Map size
176×176
Population
200
Speed
Normal
Resources
Standard
Victory
Conquest
Starting age
Dark Age
Ending age
Imperial Age
RankedLock teamsTeams togetherTeam positionsShared explorationLock speedFull tech treeHidden civsTurbo modeCheats
Victory
Defeat
🇹🇷 Spanish · Türkiye
1434
+14
🇹🇷 Japanese · Türkiye
1399
+16
🇩🇪 Varangians · Germany
1406
-15
🇩🇪 Vikings · Germany
1385
-15
van jonsenheim
6:13 Loom
13:15 Feudal Age
17:01 Castle Age
15:14 Double-Bit Axe
15:49 Scale Mail Armor
16:00 Forging
18:11 Squires
19:03 Horse Collar
22:06 Chain Mail Armor
22:20 Town Watch
24:41 Arson
25:26 Gold Mining
mr_nvm
4:01 Loom
13:34 Feudal Age
22:34 Castle Age
25:07 Castle Age
28:42 Castle Age
tpflippy
3:14 Loom
13:57 Feudal Age
18:16 Castle Age
17:36 Stone Mining
21:12 Double-Bit Axe
karamuk
9:33 Loom
12:17 Feudal Age
13:20 Fishing Lines
17:58 Castle Age
16:30 Stone Mining
16:35 Gold Mining
16:59 Double-Bit Axe
18:39 Scale Mail Armor
19:55 Chain Mail Armor
19:51 Forging
25:45 Wheelbarrow
25:02 Horse Collar
Connection lost

Rejoining the realm…

Still unreachable

The connection could not be restored.

Session expired

The server has moved on; the page needs a fresh start.